 Dungeon Crawl Stone Soup version 0.19-a0-853-g1231838 (webtiles) character file.

1143 TheGoonsmith the Destroyer (level 8, -1/41 HPs)
             Began as a Deep Elf Conjurer on July 1, 2016.
             Was a Follower of Vehumet.
             Slain by an iguana (12 damage)
             ... on level 5 of the Dungeon.
             The game lasted 00:10:16 (5158 turns).

TheGoonsmith the Destroyer (Deep Elf Conjurer)      Turns: 5158, Time: 00:10:17

Health: -1/41      AC:  4    Str:  5    XL:     8   Next: 15%
Magic:  12/20      EV: 13    Int: 23    God:    Vehumet [*.....]
Gold:   329        SH:  0    Dex: 15    Spells: 4 memorised, 8 levels left

rFire  . . .     SeeInvis .     e - +0 halberd
rCold  . . .     Gourm    .     a - +0 robe
rNeg   + . .     Faith    .     (shield currently unavailable)
rPois  .         Spirit   .     (no helmet)
rElec  .         Dismiss  .     D - +0 cloak
rCorr  +         Reflect  .     (no gloves)
SustAt .         Harm     .     g - +0 pair of boots
MR     .....                    s - amulet of regeneration
Stlth  ++........               l - ring of resist corrosion
                                u - ring of positive energy

@: very slightly contaminated, not resistant to hostile enchantments, unstealthy
A: no striking features
a: Renounce Religion


You were on level 5 of the Dungeon.
You worshipped Vehumet.
Vehumet was aware of your devotion.
You were not hungry.

You visited 1 branch of the dungeon, and saw 6 of its levels.

You collected 329 gold pieces.

Inventory:

Hand Weapons
 e - a +0 halberd (weapon)
Armour
 a - a +0 robe (worn)
 g - a +0 pair of boots (worn)
 D - a +0 cloak (worn)
Jewellery
 d - an uncursed ring of flight
 l - a ring of resist corrosion (right hand)
 s - an amulet of regeneration (around neck)
 u - a ring of positive energy (left hand)
 I - an uncursed ring of poison resistance {unknown}
Wands
 m - a wand of acid (7/15)
 y - a wand of paralysis (16/24)
 B - a wand of polymorph (9/24)
Scrolls
 j - 4 scrolls of remove curse
 p - a scroll of enchant weapon {unknown}
 r - 4 scrolls of identify
 t - a scroll of blinking {unknown}
 G - a scroll of enchant armour {unknown}
Potions
 f - a potion of berserk rage {unknown}
 h - 2 potions of haste
 i - a potion of invisibility {unknown}
 n - 2 potions of flight {unknown}
 o - a potion of curing {unknown}
 q - 3 potions of brilliance
 x - a potion of agility {unknown}
 z - a potion of degeneration {unknown}
 E - a potion of magic {unknown}
Books
 b - a book of Conjurations

   Spells                             Type                      Level
   a - Magic Dart                     Conjuration                  1
   b - Searing Ray                    Conjuration                  2
   c - Dazzling Spray                 Conjuration/Hexes            3
   d - Fulminant Prism                Conjuration/Hexes            4
   e - Iskenderun's Mystic Blast      Conjuration                  4
   f - Iskenderun's Battlesphere      Conjuration/Charms           5
Comestibles
 c - 4 bread rations
 k - 5 meat rations
 v - a slice of pizza
 w - a beef jerky
 A - a royal jelly
 C - 2 fruits


   Skills:
 - Level 2.4 Dodging
 - Level 2.4 Stealth
 + Level 6.7 Spellcasting
 * Level 8.5 Conjurations
 + Level 4.4 Hexes
 + Level 5.1 Charms


You had 8 spell levels left.
You knew the following spells:

 Your Spells              Type           Power        Failure   Level  Hunger
a - Magic Dart            Conj           ####         1%          1    None
b - Searing Ray           Conj           #####.       1%          2    None
c - Fulminant Prism       Conj/Hex       #####.....   8%          4    ###....
z - Iskenderun's Battles  Conj/Chrm      #####...     14%         5    #####..


Dungeon Overview and Level Annotations

Branches:
Dungeon (6/15)
 Temple: D:4-7

Altars:
Ashenzari
Makhleb
Vehumet

Shops:
D:5 =


Message History

You miscast Searing Ray.
You are very lightly contaminated with residual magic.
Your skin glows momentarily.
The iguana bites you but does no damage.
The iguana barely misses you.
The centaur shoots an arrow.
The arrow barely misses you.
The arrow misses the shadow imp.
The centaur shoots an arrow.
The arrow hits you! The iguana bites you! The shadow imp hits you.
* * * LOW HITPOINT WARNING * * *
You climb upwards.
There is a stone staircase leading down here.
Casting: Searing Ray
Confirm with . or Enter, or press ? or * to list all spells.
Aiming: Searing Ray
Press: ? - help, Shift-Dir - straight line, f - iguana
Aim: an iguana (moderately wounded)
The searing ray hits the iguana.
The iguana is severely wounded.
The iguana bites you!
You die...

.# ##.# '##
#####.#### ..##
#........# ...##
#.###.##.# ....##
#..##.##.#
.....####...#.##.#
.....'.(......##.#
.(..(####....###l#
....## #..#.###@#
...## #......5.#
..## ####.#####
'## #.# .# #.# .#
#.# .###### #<#
......# #.#
...##.# #.#


You could see an iguana and a shadow imp.

Vanquished Creatures
  A phantom (D:4)
  A sky beast (D:5)
  An ice beast (D:5)
  A centaur (D:5)
  A water moccasin zombie (D:5)
  A scorpion (D:5)
  The ghost of Ryco the Sneak, a weakling SpEn (D:3)
  A giant frog zombie (D:5)
  4 hounds
  A quasit (D:6)
  2 orc priests
  Crazy Yiuf (D:3)
  Ijyb (D:3)
  4 worker ants
  Natasha (D:3)
  An orc wizard (D:5)
  A hound skeleton (D:4)
  A gnoll (D:1)
  5 adders
  A dart slug (D:5)
  2 worms
  5 giant geckos
  29 orcs
  3 bats
  3 giant cockroaches
  11 goblins
  4 hobgoblins
  10 jackals
  2 quokkas
  A ball python (D:3)
  A ball python skeleton (D:5)
  A giant gecko zombie (D:5)
  6 giant newts
  8 kobolds
  9 rats
126 creatures vanquished.

Vanquished Creatures (others)
  3 fulminant prisms
3 creatures vanquished.

Grand Total: 129 creatures vanquished

Notes
Turn   | Place    | Note
-------+----------+-------------------------------------------
     0 | D:1      | TheGoonsmith the Deep Elf Conjurer began the quest for the Orb.
     0 | D:1      | Reached XP level 1. HP: 10/10 MP: 6/6
    16 | D:1      | Reached XP level 2. HP: 15/15 MP: 0/8
   174 | D:1      | Reached skill level 5 in Conjurations
   445 | D:1      | Learned a level 2 spell: Searing Ray
   526 | D:1      | Reached XP level 3. HP: 19/19 MP: 6/10
   890 | D:2      | Found a burning altar of Makhleb.
  1026 | D:2      | Reached XP level 4. HP: 24/24 MP: 9/12
  1032 | D:2      | Learned a level 4 spell: Fulminant Prism
  1455 | D:3      | Noticed Ijyb
  1464 | D:3      | Killed Ijyb
  1464 | D:3      | Reached skill level 6 in Conjurations
  1565 | D:3      | Reached skill level 1 in Hexes
  1578 | D:3      | Reached XP level 5. HP: 28/28 MP: 5/13
  1653 | D:3      | Learned a level 5 spell: Iskenderun's Battlesphere
  1681 | D:3      | Found a runed door.
  1794 | D:3      | Noticed Ryco's ghost (weakling SpEn)
  1799 | D:3      | Killed Ryco's ghost
  2298 | D:3      | Reached skill level 1 in Charms
  2414 | D:3      | Noticed Crazy Yiuf
  2414 | D:3      | Noticed Natasha
  2419 | D:3      | Killed Natasha
  2419 | D:3      | Reached skill level 5 in Spellcasting
  2424 | D:3      | Killed Crazy Yiuf
  2685 | D:4      | Found a shattered altar of Ashenzari.
  2685 | D:4      | Found a radiant altar of Vehumet.
  2692 | D:4      | Became a worshipper of Vehumet
  2759 | D:4      | Reached XP level 6. HP: 27/32 MP: 11/15
  3078 | D:4      | Reached skill level 7 in Conjurations
  3468 | D:4      | Reached XP level 7. HP: 32/36 MP: 11/17
  3778 | D:5      | Entered Level 5 of the Dungeon
  3813 | D:5      | Reached * piety under Vehumet
  3813 | D:5      | Offered knowledge of Sting by Vehumet.
  4093 | D:5      | Found a shattered altar of Ashenzari.
  4266 | D:5      | Reached skill level 8 in Conjurations
  4363 | D:5      | Found Hafaa's Jewellery Shop.
  4734 | D:5      | Reached skill level 5 in Charms
  4734 | D:5      | Reached XP level 8. HP: 41/41 MP: 14/19
  5158 | D:5      | Slain by an iguana

Vault maps used:
D:1:      dpeg_arrival_boxorama
D:2:      makhleb_heckhound_becter, st_stairs_5
D:3:      first_bread, moated_statue, uniq_crazy_yiuf_cottage, uniq_natasha,
          uniq_iyjb
D:4:      amethyst_overflow_temple_binary, corner_web_ring
D:5:      serial_shops, shop_coins, evilmike_ruin_ashenzari
D:6:      portal_sewer_entry_a

Skill      XL: |  1  2  3  4  5  6  7 |
---------------+----------------------+-----
Conjurations   | 5 6 7 8 |  8.5
Spellcasting   | 4 5 6 |  6.7
Hexes          | 1 2 4 |  4.4
Charms         | 2 3 5 |  5.1
Dodging        | |  2.4
Stealth        | |  2.4

Action                   |  1- 3 |  4- 6 |  7- 9 || total
-------------------------+-------+-------+-------++-------
Melee: Halberd           |     9 |     6 |       ||    15
 Cast: Magic Dart        |    51 |   139 |    88 ||   278
       Searing Ray       |     1 |     8 |     9 ||    18
       Fulminant Prism   |       |       |     3 ||     3
  Use: Scroll            |       |    13 |     1 ||    14
  Eat: Chunk             |       |     8 |     5 ||    13
Armor: Robe              |     1 |     3 |     4 ||     8
Dodge: Dodged            |    18 |    17 |    20 ||    55
